 Dungeon Crawl Stone Soup version 0.24.0-123-gd5b16e6ec5 (webtiles) character file.

Game seed: 996657211827021413, levelgen mode: deterministic

121 Bergy the Cudgeler (level 5, -5/32 HPs)
             Began as a Gargoyle Fighter on Dec 21, 2019.
             Slain by a gnoll
             ... wielding a +0 halberd
              (8 damage)
             ... on level 3 of the Dungeon.
             The game lasted 00:07:01 (2398 turns).

Bergy the Cudgeler (Gargoyle Fighter)               Turns: 2398, Time: 00:07:02

Health: -5/32      AC: 10    Str: 17 (20) XL:     5   Next: 5%
Magic:  5/5        EV:  7    Int:  8 (9)  God:
Gold:   189        SH:  8    Dex:  6 (9)  Spells: 4/4 levels left

rFire    . . .     SeeInvis .   a - +0 flail
rCold    . . .     Gourm    .   c - +0 shield
rNeg     + . .     Faith    .   b - +0 scale mail
rPois    ∞         Spirit   .   (no helmet)
rElec    +         Reflect  .   (no cloak)
rCorr    .         Harm     .   (no gloves)
MR       .....                  (no boots)
Stlth    ..........             (no amulet)
HPRegen  0.10/turn              (no ring)
MPRegen  0.09/turn              (no ring)

@: no status effects
A: negative energy resistance 1, electricity resistance, unbreathing,
petrification resistance, rot immunity, AC +4
a: no special abilities


You were on level 3 of the Dungeon.
You were not hungry.

You visited 1 branch of the dungeon, and saw 3 of its levels.

You collected 189 gold pieces.

Inventory:

Hand Weapons
 a - a +0 flail (weapon)
 m - a cursed -1 quarterstaff
Armour
 b - a +0 scale mail (worn)
 c - a +0 shield (worn)
 o - +0 fire dragon scales
Scrolls
 e - 2 scrolls of blinking {unknown}
 g - 2 scrolls of magic mapping {unknown}
 h - 3 scrolls of identify {unknown}
 k - a scroll of immolation {unknown}
 r - a scroll of remove curse {unknown}
Potions
 d - a potion of might
 i - a potion of mutation {unknown}
 j - a potion of degeneration
 l - a potion of lignification {unknown}
 p - a potion of curing {unknown}
 q - a potion of agility {unknown}
 s - a potion of heal wounds {unknown}
Comestibles
 f - 6 rations


   Skills:
 - Level 3.2 Fighting
 * Level 5.1 Maces & Flails
 - Level 3.2 Armour
 - Level 3.2 Shields


You had 4 spell levels left.
You didn't know any spells.
Your spell library was empty.

Dungeon Overview and Level Annotations

Branches:
Dungeon (3/15)

Altars:


Innate Abilities, Weirdness & Mutations

You are resistant to torment.
Your stone body is resilient. (AC +4)
You are immune to poison.
You resist negative energy. (rN+)
You are resistant to electric shocks. (rElec)
You can survive without breathing.
You are immune to petrification.
You are immune to rotting.


Message History

It was a potion of degeneration.
There was something very wrong with that liquid.
You feel weakened.
You feel dopey.
You feel clumsy. You block the gnoll's attack.
The gnoll hits you but does no damage.
You hit the gnoll but do no damage.
The gnoll is severely wounded.
You block the gnoll's attack. x2
You closely miss the gnoll.
The gnoll is severely wounded.
The gnoll hits you but does no damage. The gnoll hits you with a +0 flail.
* * * LOW HITPOINT WARNING * * *
You barely miss the gnoll.
The gnoll is severely wounded.
You block the gnoll's attack. x2
You hit the gnoll.
You kill the gnoll!
Your Maces & Flails skill increases to level 5!
You have reached level 5!
The gnoll hits you from afar with a +0 halberd!
You die...

#.####.#....# #.####.###
#.####.#....#.#.#
#...#######
#..(÷)...#..#.#.#
###........
######(#....#.#.#
########### #......#.#.#
#......####
#####.##.#.####.####.....
#.##g#.##...#.##.....
#.##)#.##.###.##.....
#.##@#.##...#..#.....
#.##)#.##.#.#..#.....
#..#.#....#......#...
##.#.#.##.#......####
#.#.#.##.#..........
#####.#.####.#.....#####
#............#..........
#.......######......####
#.###.### ###......#


You could see a gnoll.

Vanquished Creatures
  3 gnolls (D:3)
  2 adders (D:3)
  An ooze (D:1)
  3 worms
  3 dart slugs
  4 leopard geckos
  An orc (D:3)
  A giant cockroach (D:1)
  6 goblins
  2 hobgoblins
  6 jackals
  A quokka (D:2)
  A ball python (D:1)
  6 bats
  4 frilled lizards
  3 kobolds (D:1)
  7 rats
54 creatures vanquished.

Notes
Turn   | Place    | Note
-------+----------+-------------------------------------------
     0 | D:1      | Bergy the Gargoyle Fighter began the quest for the Orb.
     0 | D:1      | Reached XP level 1. HP: 14/14 MP: 1/1
    53 | D:1      | Reached XP level 2. HP: 19/19 MP: 2/2
   169 | D:1      | Reached skill level 3 in Maces & Flails
   352 | D:1      | Reached XP level 3. HP: 23/23 MP: 3/3
  1128 | D:2      | Reached skill level 4 in Maces & Flails
  1758 | D:3      | Reached XP level 4. HP: 25/28 MP: 4/4
  2398 | D:3      | Reached skill level 5 in Maces & Flails
  2398 | D:3      | Reached XP level 5. HP: 3/32 MP: 5/5
  2398 | D:3      | Slain by a gnoll

Levels and vault maps discovered:
D:1:      matt_arrival_grand_opening, layout_loops_ring
D:2:      layout_basic
D:3:      layout_basic, minivault_14, chequers_serial_rivers_micro_d,
          uniq_grinder

Skill      XL: |  1  2  3  4 |
---------------+-------------+-----
Maces & Flails | 3 4 5 |  5.1
Fighting       | |  3.2
Armour         | |  3.2
Shields        | |  3.2

Action                   |  1- 3 |  4- 6 || total
-------------------------+-------+-------++-------
Melee: Flail             |   113 |    62 ||   175
  Use: Potion            |       |     1 ||     1
  Eat: Chunk             |     3 |     2 ||     5
Armor: Scale mail        |    54 |    26 ||    80
Dodge: Dodged            |    30 |    18 ||    48
Block: Shield            |    56 |    34 ||    90
